 Dungeon Crawl Stone Soup version 0.31-a0-986-g5e6e4ef867 (webtiles) character file.

Game seed: 3913476330815473377

357 Persephone the Changeling (level 6, -3/36 HPs)
             Began as an Octopode Shapeshifter on Nov 7, 2023.
             Slain by a quokka (4 damage)
             ... on level 5 of the Dungeon.
             The game lasted 00:04:44 (2922 turns).

Persephone the Changeling (Octopode Shapeshifter)   Turns: 2922, Time: 00:04:45

Health: -3/36      AC:  1    Str: 15    XL:     6   Next: 64%
Magic:  6/6        EV: 13    Int: 13    God:
Gold:   188        SH:  0    Dex: 11    Spells: 5/5 levels left

rFire   . .          .
                       - Unarmed
rCold   . . .        (shield currently unavailable)
rNeg    . . .        (helmet restricted)
rPois   .            (no amulet)
rElec   .            f - ring of see invisible
rCorr   .            (no ring)
SInv    +            (no ring)
Will    .....        (no ring)
Stlth   +            (no ring)
HPRegen 0.26/turn    (no ring)
MPRegen 0.10/turn    (no ring)
                     (no ring)

%: no passive effects
@: flux-form, glowing
A: glow, contaminating, reduced hp, almost no armour, amphibious, 8 rings,
camouflage 1, gelatinous body 1, (nimble swimmer 1), tentacles
a: Begin Untransformation


You were on level 5 of the Dungeon.
You were something dangerously unstable.
You visited 1 branch of the dungeon, and saw 5 of its levels.

You collected 188 gold pieces.

Inventory:

Missiles
 i - 3 boomerangs
Jewellery
 f - a ring of see invisible (left tentacle)
Talismans
 b - a beast talisman
 c - a flux talisman (active)
Wands
 g - a wand of iceblast (8)
 l - a wand of digging (2)
 n - a wand of mindburst (36)
 p - a wand of charming (5)
Scrolls
 d - 4 scrolls of noise
 m - 2 scrolls of identify
Potions
 a - a potion of lignification
 j - 2 potions of brilliance


   Skills:
 + Level 1.4 Fighting
 - Level 2.0 Dodging
 + Level 3.2 Unarmed Combat
 * Level 6.5 Shapeshifting


You had 5 spell levels left.
You didn't know any spells.
Your spell library contained the following spells:

 Spells                   Type           Power      Damage    Failure   Level
 Slow                     Hex            0%         N/A       30%         1
 Confusing Touch          Hex            0%         N/A       67%         3
 Sigil of Binding         Hex            0%         N/A       67%         3
 Vampiric Draining        Necr           0%         2d6       67%         3
 Animate Dead             Necr           0%         N/A       97%         4
 Vhi's Electric Charge    Tloc/Air       0%         N/A       97%         4
 Arcjolt                  Conj/Air       0%         1d10      100%        5
 Plasma Beam              Fire/Air       0%         2x1d10    100%        6
 Haunt                    Necr/Summ      0%         N/A       100%        7
 Infestation              Necr           0%         N/A       100%        8


Dungeon Overview and Level Annotations

Branches:
Dungeon (5/15)
 Temple: D:4-7

Altars:

Shops:
D:2 [


Innate Abilities, Weirdness & Mutations

You are something dangerously unstable.
You glow with magical radiation, making you easy to see and hit.
Foes you strike become dangerously contaminated with magical radiation.
Your maximum health is decreased, since you lack skill for your form.
You are incapable of wielding weapons or throwing items.
You cannot wear most types of armour.
You are amphibious.
You can wear up to eight rings at the same time.
Your skin changes colour to match your surroundings (Stealth+).
Your rubbery body absorbs attacks. (AC +1, EV +1)
((You are camouflaged when in or above water. (Stealth+)))
You have tentacles for arms and can constrict up to eight enemies at once.


Message History

The orc closely misses you.
The jelly quivers.
You tentacle-slap the scorpion but do no damage.
The scorpion shudders as magic cascades through it.
The scorpion twists and deforms.
The scorpion is heavily wounded.
You constrict the scorpion.
You feel sick. The scorpion closely misses you.
The orc hits you with a +0 short sword.
Okay, then.
As you read the scroll labelled HILAAS TAGGI, it crumbles to dust.
You feel strangely unstable.
It was a scroll of teleportation.
You constrict the scorpion.
You feel sick. The scorpion barely misses you. The iguana misses you.
The orc hits you but does no damage.
It was a potion of curing.
You feel better.
You constrict the scorpion. The scorpion misses you.
The iguana closely misses you. The orc barely misses you.
The iguana barely misses you.
You release your grip on the scorpion.
The iguana bites you!
* * * LOW HITPOINT WARNING * * *
The scorpion barely misses you.
It was a potion of attraction.
You feel attractive to monsters. The scorpion barely misses you.
The iguana closely misses you. The quokka bites you.
* * * LOW HITPOINT WARNING * * *
It was a potion of cancellation.
You feel strangely stable.
Your magical effects are unravelling.
You feel magically purged.
The scorpion stings you but does no damage.
The quokka bites you.
* * * LOW HITPOINT WARNING * * *
The iguana bites you.
* * * LOW HITPOINT WARNING * * *
You feel less attractive to monsters.
You barely miss the scorpion. Your grab misses the scorpion.
The scorpion is severely wounded.
The scorpion stings you.
* * * LOW HITPOINT WARNING * * *
The quokka bites you.
You die...

# .. #. ... ###.
#... #.... #..##
#....####+###....#
#................
#....#..#..J.+..
#....#..#.rl.# ###
##....#.##.psl# ..#
#....##.#####o....#
..+ #....#...#
'.....# ..#
#....+...+ .....+
..# #....#...#
.....#
..####....##'##
.^...#
........###..##
.....#
........'.....#
.....#
........#.....#


You could see a scorpion (misshapen), 2 iguanas, a jelly, an orc and a quokka.

Vanquished Creatures
  A hound (D:3)
  2 iguanas
  2 orc wizards (D:4)
  A sleepcap (D:4)
  3 gnolls (D:2)
  6 adders
  2 worms
  A dart slug (D:1)
  11 orcs
  7 bats
  4 endoplasms
  5 giant cockroaches
  8 goblins
  5 hobgoblins
  7 jackals
  3 quokkas
  6 ball pythons
  6 frilled lizards
  12 kobolds
  8 rats
100 creatures vanquished.

Notes
Turn   | Place    | Note
-------+----------+-------------------------------------------
     0 | D:1      | Persephone the Octopode Shapeshifter began the quest for
                  | the Orb.
     0 | D:1      | Reached XP level 1. HP: 13/13 MP: 1/1
    32 | D:1      | Reached XP level 2. HP: 6/18 MP: 2/2
   431 | D:1      | Reached XP level 3. HP: 23/23 MP: 3/3
   666 | D:2      | Reached skill level 4 in Shapeshifting
   693 | D:2      | Found Xoufith's Armour Emporium.
   835 | D:2      | Reached XP level 4. HP: 28/28 MP: 4/4
  1423 | D:3      | Reached skill level 5 in Shapeshifting
  1545 | D:3      | Reached XP level 5. HP: 33/33 MP: 5/5
  2167 | D:4      | Reached skill level 6 in Shapeshifting
  2167 | D:4      | Reached XP level 6. HP: 17/38 MP: 6/6
  2870 | D:5      | Entered Level 5 of the Dungeon
  2922 | D:5      | HP: 1/36 [scorpion (2)]
  2922 | D:5      | Slain by a quokka

Illustrated notes

Levels and vault maps discovered:
D:1:      dpeg_arrival_pond, layout_basic
D:2:      layout_loops_ring, serial_shops, shop, moated_statue, minmay_tripent
D:3:      layout_rooms
D:4:      layout_gridville, minmay_bent
D:5:      layout_gridville, general_overflow_altar,
          nicolae_qazlal_beasts_of_the_sky, jmf_multi_god_temple, uniq_pikel,
          uniq_ijyb

Skill      XL: |  1  2  3  4  5 |
---------------+----------------+-----
Shapeshifting  | 4 5 6 |  6.5
Fighting       | |  1.4
Dodging        | |  2.0
Unarmed Combat | |  3.2

Action                     |  1- 3 |  4- 6 || total
---------------------------+-------+-------++-------
  Melee: Unarmed           |    66 |   134 ||   200
         Constrict         |    13 |    37 ||    50
         Tentacles         |     8 |    28 ||    36
         Punch             |     3 |       ||     3
    Use: Scroll            |       |     6 ||     6
         Potion            |       |     3 ||     3
   Stab: Sleeping          |     9 |    10 ||    19
 Armour: Skin              |    23 |    60 ||    83
  Dodge: Dodged            |    45 |    80 ||   125
   Form: Flux              |       |     1 ||     1

Table legend: (Time is in decaauts)
 A = Elapsed time spent in this place.
 B = Non-inter-level travel time spent in this place.
 C = Inter-level travel time spent in this place.
 D = Time resting spent in this place.
 E = Time spent auto-exploring this place.
 F = Levels seen in this place.
 G = Mean time per level.
                   A        B        C        D        E       F      G
               +--------+--------+--------+--------+--------+-----+--------+
         Total |   2909 |   2829 |     80 |      0 |   2238 |   5 |  581.8 |
       Dungeon |   2909 |   2829 |     80 |      0 |   2238 |   5 |  581.8 |
               +--------+--------+--------+--------+--------+-----+--------+

Top non-repeatable levels by time:
     D:4: 1068 daAuts
     D:2: 800 daAuts
     D:1: 553 daAuts
     D:3: 436 daAuts
     D:5: 51 daAuts
